 Dungeon Crawl Stone Soup version 0.27-a0-1301-g128193abf8 (webtiles) character file.

40464 Leszczynek the Cruncher (level 14, 99/99 HPs)
             Began as a Halfling Gladiator on Jan 12, 2019.
             Was an Initiate of Gozag.
             Quit the game on level 5 of the Lair of Beasts on June 17, 2021.
             The game lasted 01:54:14 (18612 turns).

Leszczynek the Cruncher (Halfling Gladiator)       Turns: 18612, Time: 01:54:15

Health: 99/99      AC: 15    Str: 25    XL:     14   Next: 45%
Magic:  14/14      EV: 22    Int:  6    God:    Gozag
Gold:   1303       SH:  0    Dex: 24    Spells: 13/13 levels left

rFire    . . .     SeeInvis +   b - +1 lajatang
rCold    . . .     Faith    .   (shield currently unavailable)
rNeg     . . .     Spirit   .   Q - +0 troll leather armour
rPois    +         Reflect  .   i - +2 helmet
rElec    .         Harm     .   H - +0 cloak
rCorr    .         Rampage  .   k - +2 pair of gloves
Will     +....                  M - +1 pair of boots
Stlth    ++........             B - amulet of rage
HPRegen  1.26/turn              T - +6 ring of strength
MPRegen  0.14/turn              h - ring "Qelaugech" {rPois Dex+7 SInv}

@: no status effects
A: small, no large weapons, mutation resistance 1
a: Renounce Religion, Potion Petition, Call Merchant, Bribe Branch


You were on level 5 of the Lair of Beasts.
You worshipped Gozag.
Gozag was most pleased with you.
You visited 4 branches of the dungeon, and saw 19 of its levels.
You also visited: Ossuary, Gauntlet and Volcano.

You collected 3039 gold pieces.
You spent 775 gold pieces at shops.
You paid 961 gold pieces to Gozag.

Inventory:

Hand Weapons
 a - a +0 hunting sling
 b - a +1 lajatang (weapon)
Missiles
 e - 43 sling bullets
 f - 2 throwing nets (quivered)
 o - 250 stones
Armour
 i - a +2 helmet (worn)
 k - a +2 pair of gloves (worn)
 H - a +0 cloak (worn)
 M - a +1 pair of boots (worn)
 Q - a +0 troll leather armour (worn)
 V - a +1 ring mail of willpower
Jewellery
 h - the ring "Qelaugech" (right hand) {rPois Dex+7 SInv}
   (You bought it in a shop on level 7 of the Dungeon)

   [ring of poison resistance]

   It affects your dexterity (+7).
   It protects you from poison.
   It lets you see invisible.
 v - a ring of positive energy
 B - an amulet of rage (around neck)
 O - a ring of fire
 P - the amulet "Giohousch" {Spirit rN++}
   (You took it off a minotaur in a Gauntlet)

   [amulet of guardian spirit]

   It causes incoming damage to be divided between your reserves of health and
   magic.
   It greatly protects you from negative energy.
 T - a +6 ring of strength (left hand)
Wands
 q - a wand of iceblast (9)
 w - a wand of mindburst (11)
 G - a wand of flame (35)
 J - a wand of removedness (1)
 U - a wand of paralysis (12)
Scrolls
 c - a scroll of enchant weapon
 m - 4 scrolls of amnesia
 u - 8 scrolls of removedness {@r2}
 x - 2 scrolls of fog
 y - 5 scrolls of immolation {!r}
 C - 3 scrolls of teleportation
 S - a scroll of removedness
 W - a scroll of blinking
 X - a scroll of magic mapping
 Y - 3 scrolls of holy word {!r}
Potions
 g - 3 potions of heal wounds {@q2}
 j - 3 potions of invisibility {unknown}
 l - 3 potions of cancellation
 n - 3 potions of mutation {unknown}
 p - 10 potions of curing {@q1}
 r - 5 potions of ambrosia
 s - a potion of might {unknown}
 t - 2 potions of haste {unknown}
 z - 5 potions of attraction
 A - 6 potions of lignification {!q}
 D - a potion of flight {unknown}
 F - 3 potions of brilliance
 I - a potion of berserk rage {unknown}
 N - a potion of resistance {unknown}
 R - a potion of magic {unknown}
Miscellaneous
 E - a box of beasts
 L - a phial of floods (inert)
Comestibles
 d - 31 removed foods


   Skills:
 + Level 10.1 Fighting
 * Level 13.3 Staves
 - Level 11.8(12.0) Slings
 - Level 2.0(5.7) Throwing
 - Level 5.5 Armour
 - Level 9.0 Dodging
 - Level 8.0 Evocations


You had 13 spell levels left.
You didn't know any spells.
Your spell library contained the following spells:

 Spells                   Type           Power      Damage    Failure   Level
 Beastly Appendage        Tmut           0%         N/A       50%         1
 Shock                    Conj/Air       0%         1d3       50%         1
 Summon Small Mammal      Summ           0%         N/A       50%         1
 Call Imp                 Summ           0%         N/A       63%         2
 Static Discharge         Conj/Air       0%         N/A       63%         2
 Call Canine Familiar     Summ           0%         N/A       86%         3
 Spider Form              Tmut/Pois      0%         N/A       86%         3
 Summon Guardian Golem    Hex/Summ       0%         N/A       86%         3
 Swiftness                Air            0%         N/A       86%         3
 Airstrike                Air            0%         N/A       99%         4
 Ice Form                 Ice/Tmut       0%         N/A       99%         4
 Summon Ice Beast         Ice/Summ       0%         N/A       99%         4
 Summon Lightning Spire   Summ/Air       0%         N/A       99%         4
 Blade Hands              Tmut           0%         N/A       100%        5
 Lightning Bolt           Conj/Air       0%         1d11      100%        5


Dungeon Overview and Level Annotations

Branches:
Dungeon (12/15)            Temple (1/1) D:5            Lair (5/6) D:10
 Shoals (0/4) Lair:4          Orc (1/2) D:10
  Snake: Lair:2-4    Spider: Lair:2-4     Slime: Lair:5-6

Altars:
Ashenzari
Cheibriados
Dithmenos
Elyvilon
Fedhas
Gozag
Hepliaklqana
Kikubaaqudgha
Makhleb
Nemelex Xobeh
Okawaru
Qazlal
Ru
Sif Muna
Trog
Uskayaw
Vehumet
Wu Jian
Xom
Yredelemnul
Zin
The Shining One

Shops:
D:5 [   D:7 =

Annotations:
D:2 (yiuf)
D:3 orc priest
D:7 deep water vault
D:10 2 runed doors, manticore
Lair:2 7h, exclusion: downstairs
Lair:3 6h, exclusion: oklob plant
Orc:1 stone giant camping stairs!


Innate Abilities, Weirdness & Mutations

You are small and have problems with some larger weapons.
You are somewhat resistant to further mutation.


Message History

No target in view!
No target in view!
You now have 1262 gold pieces (gained 20).
You now have 1274 gold pieces (gained 12).
You now have 1294 gold pieces (gained 20).
Found 9 gold pieces.
You now have 1303 gold pieces (gained 9).
Found a ration.
Found 3 scrolls of immolation.
Found a stone staircase leading up.
d - 31 rations (gained 1)
y - 5 scrolls of immolation {!r} (gained 3) Save game and exit?
Welcome back, Leszczynek the Halfling Gladiator.
Gozag says: Greed is good.
Press ? for a list of commands and other information.
Save game and exit?
Welcome back, Leszczynek the Halfling Gladiator.
Gozag says: Greed is good.
Press ? for a list of commands and other information.
Save game and exit?
Welcome back, Leszczynek the Halfling Gladiator.
Gozag says: Greed is good.
Press ? for a list of commands and other information.
Save game and exit?
Welcome back, Leszczynek the Halfling Gladiator.
Gozag says: Greed is good.
Press ? for a list of commands and other information.
Your armour attunes itself to your body as you begin to regenerate more quickly.
Save game and exit?
Welcome back, Leszczynek the Halfling Gladiator.
Gozag says: Greed is good.
Press ? for a list of commands and other information.
Save game and exit?
Okay, then.
Save game and exit?
Welcome back, Leszczynek the Halfling Gladiator.
Gozag says: Greed is good.
Press ? for a list of commands and other information.
Are you sure you want to abandon this character and quit the game? (Confirm with "yes".)

.......P..PP.#........
......................
...........#.........
#.........#........#
#........##....##.##
#.......#.####....##
##........## ###P..#
##......#### ## #....#
#P.#.@#.#### #.##....#
.#..........# #.......
#..........#.###.......
#....PP....# #........
..#....P.#..# #.^......
.........<...###........
.P...P.#..#.+.#.........
PP......#...#...........
##.##....#.###.........


There were no monsters in sight!

Vanquished Creatures
  2 entropy weavers (Lair:4)
  A minotaur (Gauntlet)
  A green death (Gauntlet)
  A hydra (Lair:3)
  A removed queen ant (Lair:4)
  A two-headed ogre (D:8)
  An unseen horror (D:11)
  An orc knight (D:10)
  2 ugly things (D:11)
  2 manticores
  3 black mambas
  An ice statue (Gauntlet)
  Psyche (D:10)
  7 cane toads
  13 elephants
  2 gargoyles (Volcano)
  A torpor snail (Gauntlet)
  2 kobold demonologists (D:11)
  7 komodo dragons
  A rime drake (Gauntlet)
  An ice devil (D:11)
  4 trolls
  A hornet (D:10)
  A harpy skeleton (Volcano)
  Prince Ribbit (D:5)
  9 removed hippogriffs
  2 flying skulls (Volcano)
  An alligator skeleton (Volcano)
  3 basilisks
  5 wyverns
  12 yaks
  A human (D:8)
  2 removed hungry ghosts
  4 hogs (D:8)
  A steam dragon (D:12)
  3 wargs
  21 removed soldier ants (Lair:4)
  6 removed porcupines
  6 water moccasins
  4 ice beasts
  6 orc warriors
  4 sky beasts
  2 black bears (D:11)
  A hornet zombie (D:8)
  3 phantoms
  3 necrophages
  11 ogres
  7 centaurs
  6 wolves
  7 removed crocodiles
  4 kobold brigands
  Blork the orc (D:6)
  7 bullfrogs
  A gnoll sergeant (D:11)
  10 killer bees
  5 scorpions
  2 howler monkeys
  4 wights (D:10)
  An electric eel (Lair:3)
  3 bullfrog zombies
  A quasit (D:5)
  4 crimson imps
  4 hounds
  A centaur zombie (D:9)
  A jelly (D:10)
  9 orc priests
  6 bullfrog skeletons
  Crazy Yiuf (D:2)
  A centaur skeleton (D:4)
  4 iguanas
  16 orc wizards
  27 removed worker ants
  A kobold brigand zombie (Ossuary)
  8 mummies (Ossuary)
  2 removed worker ant zombies
  16 adders
  13 gnolls
  2 howler monkey skeletons
  3 shadow imps
  2 adder zombies
  2 adder skeletons (D:7)
  2 worms (D:2)
  4 dart slugs
  53 orcs
  6 removed leopard geckos
  2 ball pythons
  8 giant cockroaches
  5 goblins
  5 hobgoblins
  11 jackals
  5 quokkas
  4 bats
  8 frilled lizards
  2 gnoll zombies (Ossuary)
  2 hobgoblin zombies (Ossuary)
  9 kobolds
  A kobold zombie (Ossuary)
  2 orc zombies (Ossuary)
  A quokka skeleton (D:7)
  7 rats
488 creatures vanquished.

Vanquished Creatures (collateral kills)
  A removed hippogriff (Lair:4)
  4 removed soldier ants (Lair:4)
5 creatures vanquished.

Vanquished Creatures (others)
  A flying skull (Volcano)
  A white imp (D:12)
  4 fungi
  3 plants (Gauntlet)
9 creatures vanquished.

Grand Total: 502 creatures vanquished

Notes
Turn   | Place    | Note
-------+----------+-------------------------------------------
     0 | D:1      | Leszczynek the Halfling Gladiator began the quest for the
                  | Orb.
     0 | D:1      | Reached XP level 1. HP: 14/14 MP: 1/1
    91 | D:1      | Reached XP level 2. HP: 17/19 MP: 2/2
   269 | D:1      | Reached skill level 2 in Fighting
   428 | D:2      | Reached skill level 1 in Slings
   453 | D:2      | Reached XP level 3. HP: 24/24 MP: 3/3
   487 | D:2      | Found a runed door.
   591 | D:3      | Reached skill level 3 in Staves
   663 | D:3      | Reached skill level 2 in Slings
   669 | D:3      | Reached skill level 3 in Slings
   669 | D:3      | Reached XP level 4. HP: 21/29 MP: 4/4
  1073 | D:2      | Reached skill level 4 in Slings
  1470 | D:3      | Reached XP level 5. HP: 34/34 MP: 5/5
  1563 | D:3      | Reached skill level 5 in Slings
  1738 | D:4      | Reached skill level 6 in Slings
  1754 | D:4      | Found a stormy altar of Qazlal.
  1758 | D:4      | Found an iron altar of Okawaru.
  1759 | D:4      | Found an ancient bone altar of Kikubaaqudgha.
  1766 | D:4      | Found a white marble altar of Elyvilon.
  1766 | D:4      | Found a hazy altar of Hepliaklqana.
  1869 | D:4      | Reached XP level 6. HP: 39/39 MP: 6/6
  1894 | D:4      | Reached skill level 7 in Slings
  1967 | D:4      | Reached skill level 8 in Slings
  2175 | D:4      | Noticed an ogre
  2183 | D:4      | Killed an ogre
  2183 | D:4      | Reached skill level 9 in Slings
  2183 | D:4      | Reached XP level 7. HP: 45/45 MP: 7/7
  2205 | D:5      | Entered Level 5 of the Dungeon
  2205 | D:5      | Noticed Prince Ribbit
  2347 | D:6      | Noticed Blork the orc
  2376 | D:6      | Killed Blork the orc
  2376 | D:6      | Reached skill level 3 in Fighting
  2442 | D:6      | Reached skill level 10 in Slings
  2442 | D:6      | Reached XP level 8. HP: 51/52 MP: 8/8
  2547 | D:6      | Found a snail-covered altar of Cheibriados.
  2547 | D:6      | Found an ornate altar of the Wu Jian Council.
  2548 | D:6      | Found a blossoming altar of Fedhas.
  2932 | D:7      | Reached skill level 11 in Slings
  3093 | D:7      | Found a sand-covered staircase.
  3098 | Ossuary  | Entered an ossuary
  3499 | D:7      | Reached skill level 4 in Dodging
  3601 | D:7      | Found Ziexuf's Jewellery Boutique.
  3770 | D:7      | Reached skill level 4 in Fighting
  3770 | D:7      | Reached XP level 9. HP: 48/58 MP: 9/9
  4103 | D:6      | Reached skill level 5 in Dodging
  4194 | D:5      | Found Painkut's Antique Armour Emporium.
  4410 | D:2      | Noticed Crazy Yiuf
  4412 | D:2      | Killed Crazy Yiuf
  4524 | D:2      | You fall through a shaft for 2 floors!
  4527 | D:4      | Found a sparkling altar of Nemelex Xobeh.
  4640 | D:5      | Killed Prince Ribbit
  4640 | D:5      | Reached skill level 5 in Fighting
  4640 | D:5      | Reached skill level 1 in Armour
  4769 | D:5      | Reached skill level 6 in Dodging
  4834 | D:5      | Found a radiant altar of Vehumet.
  4919 | D:5      | Found a staircase to the Ecumenical Temple.
  4981 | D:5      | Reached skill level 4 in Staves
  5010 | D:5      | Reached skill level 2 in Armour
  5270 | D:7      | Bought the ring "Qelaugech" {rPois Dex+7 SInv} for 550 gold
                  | pieces
  5418 | D:8      | Found a shattered altar of Ashenzari.
  5468 | D:8      | Reached skill level 6 in Fighting
  5468 | D:8      | Reached XP level 10. HP: 53/68 MP: 10/10
  5648 | D:8      | Reached skill level 7 in Dodging
  5656 | D:8      | Reached skill level 3 in Armour
  5886 | D:8      | Noticed a two-headed ogre
  5973 | Temple   | Entered the Ecumenical Temple
  6276 | D:8      | Found a sacrificial altar of Ru.
  6357 | D:9      | Reached skill level 7 in Fighting
  6357 | D:9      | Reached skill level 4 in Armour
  6460 | D:9      | Reached skill level 5 in Staves
  6817 | D:9      | Found a shadowy altar of Dithmenos.
  6887 | D:9      | Reached skill level 1 in Evocations
  7039 | D:9      | Found a basalt altar of Yredelemnul.
  7100 | D:10     | Entered Level 10 of the Dungeon
  7150 | D:10     | Found a runed door.
  7150 | D:10     | Found a runed door.
  7150 | D:10     | Found the +2 shield of Resistance {rF+ rC+ MR+}
  7150 | D:10     | Noticed a fire dragon
  7194 | D:10     | Reached skill level 5 in Armour
  7207 | D:10     | Reached skill level 2 in Evocations
  7208 | D:10     | Noticed an ice dragon
  7208 | D:10     | Noticed a fire dragon
  7208 | D:10     | Noticed an ice dragon
  7583 | D:10     | Found a staircase to the Lair.
  7669 | D:9      | Reached XP level 11. HP: 77/77 MP: 11/13
  7791 | D:10     | Reached skill level 3 in Evocations
  8055 | D:10     | Reached skill level 8 in Fighting
  8150 | D:10     | Reached skill level 4 in Evocations
  8230 | D:10     | Noticed a manticore
  8391 | D:10     | Noticed Psyche
  8400 | D:10     | Killed Psyche
  8415 | D:10     | Reached skill level 6 in Staves
  8438 | D:10     | Found a staircase to the Orcish Mines.
 10218 | D:4      | Reached skill level 5 in Evocations
 10624 | Temple   | oh fuck you and your service fee
 11704 | D:8      | Killed a two-headed ogre
 12349 | D:11     | Noticed an unseen horror
 12363 | D:10     | Reached skill level 6 in Evocations
 12592 | D:12     | Noticed a red ugly thing
 12629 | D:11     | Reached skill level 7 in Staves
 12644 | D:10     | Killed a manticore
 12818 | D:10     | Paralysed by a hornet for 2 turns
 13022 | D:11     | Reached skill level 8 in Dodging
 13059 | D:11     | Killed an unseen horror
 13059 | D:11     | Reached XP level 12. HP: 83/83 MP: 15/17
 13313 | D:11     | You pass out from exhaustion.
 13483 | Temple   | aaaaahhhhhh stop moving goalposts you fuck
 13629 | D:11     | Reached skill level 7 in Evocations
 13861 | Temple   | Became a worshipper of Gozag Ym Sagoz the Greedy
 13862 | Temple   | motherfucker
 14135 | D:11     | Reached skill level 8 in Staves
 14281 | Orc:1    | Entered Level 1 of the Orcish Mines
 14282 | Orc:1    | gimme gold
 14389 | Orc:1    | Found a dark tunnel.
 14393 | Orc:1    | sounds like a disaster waiting to hapen
 14393 | Orc:1    | happen
 14394 | Volcano  | Entered a volcano
 14397 | Volcano  | >literally starting in a cloud of fire
 14475 | Volcano  | i'm not going to make it, am i
 14522 | Volcano  | HP: 13/126 [alligator skeleton (14)]
 14522 | Volcano  | HP: 4/126 [alligator skeleton (9)]
 14525 | Volcano  | ez
 14544 | Volcano  | Noticed a skeletal warrior
 14566 | Volcano  | i sure hope this fucker won't kill me while i'm exiting
 14579 | Orc:1    | ez
 14616 | Orc:1    | actually can i even kill knights
 14616 | Orc:1    | that's something i should've thought about before coming
                  | here huh
 14663 | D:10     | Reached skill level 9 in Staves
 14667 | D:10     | hmm, i can?
 14781 | Orc:1    | Noticed a stone giant
 14785 | D:10     | n o p e
 14785 | D:10     | just take half of my hp bro
 14785 | D:10     | no worries bro
 14950 | D:5      | Bought an ichor-stained hat for 225 gold pieces
 14960 | D:5      | Identified the +1 hat of Laegg {rN+ Int-2 Stlth+} (You
                  | bought it in a shop on level 5 of the Dungeon)
 14960 | D:5      | ....
 15066 | Lair:1   | Entered Level 1 of the Lair of Beasts
 15332 | Lair:1   | Reached skill level 10 in Staves
 15462 | Lair:1   | ok, so they can be cursed after all
 15462 | Lair:1   | cool
 15499 | Lair:2   | Reached XP level 13. HP: 31/89 MP: 18/18
 15888 | Lair:2   | Noticed a seven-headed hydra
 16250 | Lair:3   | Reached skill level 9 in Dodging
 16445 | Lair:3   | Reached skill level 9 in Fighting
 16480 | Lair:3   | Upgraded the game from 0.23-a0-701-gd76f34b to
                  | 0.23-a0-767-gdc19b93
 16500 | Lair:3   | Noticed an eight-headed hydra
 16654 | Lair:2   | Upgraded the game from 0.23-a0-767-gdc19b93 to
                  | 0.23-a0-808-gd21de94
 16754 | Lair:3   | Noticed a six-headed hydra
 16872 | Lair:4   | Reached skill level 11 in Staves
 16886 | Lair:4   | Found a gate leading to a gauntlet.
 16914 | Lair:4   | Reached skill level 8 in Evocations
 16932 | Lair:3   | Killed an eight-headed hydra
 17056 | Gauntlet | Entered a Gauntlet
 17056 | Gauntlet | Found a runed translucent gate.
 17056 | Gauntlet | Found a transporter.
 17056 | Gauntlet | Found a transporter.
 17056 | Gauntlet | Found a transporter.
 17057 | Gauntlet | Found a transporter.
 17058 | Gauntlet | Found a runed translucent gate.
 17058 | Gauntlet | Found a transporter.
 17059 | Gauntlet | Found a runed translucent gate.
 17061 | Gauntlet | Found a transporter.
 17075 | Gauntlet | Found a transporter.
 17075 | Gauntlet | Found a transporter.
 17076 | Gauntlet | Found a transporter.
 17078 | Gauntlet | Found a transporter.
 17082 | Gauntlet | Found a runed translucent door.
 17082 | Gauntlet | Found a runed translucent door.
 17085 | Gauntlet | Noticed a green death
 17086 | Gauntlet | Found a transporter.
 17091 | Gauntlet | Found a transporter.
 17272 | Gauntlet | Killed a green death
 17289 | Gauntlet | Got a warped cloak
 17300 | Gauntlet | Identified the cursed -1 cloak of Monotheism {Stlth+} (You
                  | found it in a Gauntlet)
 17318 | Gauntlet | Identified the amulet "Giohousch" {Spirit rN++}
 17318 | Gauntlet | Noticed a minotaur
 17361 | Gauntlet | Killed a minotaur
 17361 | Gauntlet | Reached skill level 12 in Staves
 17595 | Lair:4   | Noticed an entropy weaver
 17595 | Lair:4   | Noticed an entropy weaver
 17618 | Lair:4   | Killed an entropy weaver
 17656 | Lair:4   | Found a staircase to the Shoals.
 17770 | Lair:4   | Killed an entropy weaver
 17770 | Lair:4   | Reached XP level 14. HP: 84/97 MP: 20/20
 18134 | Lair:4   | Reached skill level 13 in Staves
 18242 | Lair:4   | Reached skill level 10 in Fighting
 18608 | Lair:5   | Upgraded the game from 0.23-a0-808-gd21de94 to
                  | 0.23-a0-860-g8ff03fb
 18608 | Lair:5   | Upgraded the game from 0.23-a0-860-g8ff03fb to
                  | 0.27-a0-67-g4bfc8a49e1
 18608 | Lair:5   | Upgraded the game from 0.27-a0-67-g4bfc8a49e1 to
                  | 0.27-a0-406-g23f261fbd2
 18608 | Lair:5   | Upgraded the game from 0.27-a0-406-g23f261fbd2 to
                  | 0.27-a0-412-g8dd771eca2
 18612 | Lair:5   | Upgraded the game from 0.27-a0-412-g8dd771eca2 to
                  | 0.27-a0-998-g4cfe56dd59
 18612 | Lair:5   | Upgraded the game from 0.27-a0-998-g4cfe56dd59 to
                  | 0.27-a0-1301-g128193abf8
 18612 | Lair:5   | Quit the game

Illustrated notes

Levels and vault maps discovered:
D:1:      wheals_arrival_shading, serial_park_tiny_pond
D:2:      grunt_ministairs_1, minmay_hexomino_f4, uniq_crazy_yiuf_cottage
D:4:      lemuel_doored_altar, minmay_overflow_temple_star_hex, first_ration
D:5:      kennysheep_mini_moat, minmay_temple_entry_waves, serial_shops,
          nicolae_shop_temple_entry_statues_fountains, uniq_prince_ribbit1
D:6:      gammafunk_temple_overflow_claw, uniq_blork_the_orc
D:7:      statuecave_lemuel, serial_shops, kennysheep_mini,
          nicolae_ossuary_entry_false_entrances
D:8:      nicolae_ru_sacrificial_ziggurat, grunt_livestock,
          evilmike_ruin_ashenzari
D:9:      lemuel_round_altar, kennysheep_little_box
D:10:     david_lair_generic, orc_0_dummy, minmay_guarded_unrand_resistance,
          uniq_psyche
D:11:     portal_ice_cave_demonic_guard, minivault_5, st_stairs_14
D:12:     serial_ice, serial_ice_i, serial_ice_e, serial_ice_f, serial_ice_n,
          billiards_dpeg
Temple:   jpeg_temple_island
Lair:2:   dummy_snake_entry
Lair:3:   gammafunk_cloud_chamber, beast_lair_carwin_11,
          minmay_lair_oklob_chamber, infiniplex_staircase_pool,
          lemuel_fruit_fields, grunt_megastairs_3
Lair:4:   minmay_shoals_entry_beasts, gauntlet_entry_generic, special_room,
          minivault_29
Lair:5:   lemuel_centaur_altar
Orc:1:    enter_volcano_4

Skill      XL: |  1  2  3  4  5  6  7  8  9 10 11 12 13 14 |
---------------+-------------------------------------------+-----
Fighting       | 2 3 4 6 7 8 9 10 | 10.1
Slings         | 1 3 4 6 9 10 11 | 11.8
Staves         | 3 4 5 7 10 12 13 | 13.3
Dodging        | 4 6 7 8 9 |  9.0
Armour         | 2 5 |  5.5
Evocations     | 2 6 7 8 |  8.0
Throwing       | |  2.0

Action                   |  1- 3 |  4- 6 |  7- 9 | 10-12 | 13-15 || total
-------------------------+-------+-------+-------+-------+-------++-------
Melee: Quarterstaff      |    43 |    27 |   164 |    19 |       ||   253
       Lajatang          |       |       |       |   618 |   543 ||  1161
 Fire: Hunting sling     |    10 |   140 |   382 |   553 |    58 ||  1143
Throw: Throwing net      |     4 |     1 |       |       |       ||     5
Invok: Potion Petition   |       |       |       |     1 |     1 ||     2
 Abil: Evoke Berserk Rag |       |       |       |     2 |     3 ||     5
Evoke: Wand              |       |       |     6 |    11 |     8 ||    25
       Phial of floods   |       |       |       |       |     1 ||     1
  Use: Scroll            |       |     7 |     3 |    12 |     9 ||    31
       Potion            |       |       |     1 |     2 |     3 ||     6
 Stab: Held in net/web   |     2 |       |       |       |       ||     2
       Sleeping          |     1 |       |       |     4 |       ||     5
       Distracted        |       |       |       |     2 |     5 ||     7
       Paralysed         |       |       |       |       |     4 ||     4
  Eat: Removed food      |       |     4 |     8 |    24 |       ||    36
       Removed food      |       |       |       |     4 |     3 ||     7
Armor: Leather armour    |     7 |     4 |       |    50 |       ||    61
       Ring mail         |       |     5 |    87 |    33 |       ||   125
       Troll leather arm |       |       |       |   124 |    94 ||   218
Dodge: Dodged            |    27 |    40 |   259 |   837 |   458 ||  1621

Table legend: (Time is in decaauts)
 A = Elapsed time spent in this place.
 B = Non-inter-level travel time spent in this place.
 C = Inter-level travel time spent in this place.
 D = Time resting spent in this place.
 E = Time spent auto-exploring this place.
 F = Levels seen in this place.
 G = Mean time per level.
                   A        B        C        D        E       F      G
               +--------+--------+--------+--------+--------+-----+--------+
         Total |  18224 |  15942 |   2282 |    395 |   2928 |  22 |  828.4 |
       Dungeon |  14018 |  11941 |   2077 |    140 |   2928 |  12 | 1168.2 |
        Temple |     84 |     37 |     47 |      0 |      0 |   1 |   84.0 |
          Lair |   3043 |   2887 |    156 |    237 |      0 |   5 |  608.6 |
  Orcish Mines |    195 |    195 |      0 |      0 |      0 |   1 |  195.0 |
       Ossuary |    284 |    284 |      0 |      0 |      0 |   1 |  284.0 |
       Volcano |    185 |    185 |      0 |     18 |      0 |   1 |  185.0 |
      Gauntlet |    412 |    412 |      0 |      0 |      0 |   1 |  412.0 |
               +--------+--------+--------+--------+--------+-----+--------+

Top non-repeatable levels by time:
  Lair:5: 4 daAuts
Note: time per level data comes from an upgraded game and may be incomplete.
